 Dungeon Crawl Stone Soup version 0.20-a0-540-ge6d1839 (webtiles) character file.

141 polly the Shield-Bearer (level 5, -9/33 HPs)
             Began as a Gargoyle Fighter on Jan 29, 2017.
             Engulfed by a cloud of flame (12 damage)
             ... on level 3 of the Dungeon.
             The game lasted 00:02:47 (1637 turns).

polly the Shield-Bearer (Gargoyle Fighter)          Turns: 1637, Time: 00:02:48

Health: -9/33      AC: 16    Str: 20    XL:     5   Next: 24%
Magic:  5/5        EV:  7    Int:  9    God:
Gold:   134        SH:  9    Dex:  9    Spells: 4/4 levels left

rFire    . . .     SeeInvis .   w - -2 flail (curse)
rCold    . . .     Gourm    .   b - +0 scale mail
rNeg     + . .     Faith    .   c - +0 shield
rPois    ∞         Spirit   .   (no helmet)
rElec    +         Reflect  .   (no cloak)
rCorr    .         Harm     .   (no gloves)
MR       .....                  e - +0 pair of boots
Stlth    ..........             (no amulet)
Regen    0.2/turn               (no ring)
                                o - +4 ring of protection

@: no status effects
A: negative energy resistance 1, electricity resistance, unbreathing,
petrification resistance, rot immunity, AC +4
a: no special abilities


You were on level 3 of the Dungeon.
You were not hungry.

You visited 1 branch of the dungeon, and saw 3 of its levels.

You collected 134 gold pieces.

Inventory:

Hand Weapons
 a - a +0 flail
 w - a cursed -2 flail (weapon)
Armour
 b - a +0 scale mail (worn)
 c - a +0 shield (worn)
 e - a +0 pair of boots (worn)
Jewellery
 o - a +4 ring of protection (left hand)
Scrolls
 i - a scroll of fog {unknown}
 j - a scroll of identify {unknown}
 n - a scroll of teleportation
 q - a scroll of amnesia {unknown}
 t - a scroll of remove curse {unknown}
Potions
 d - 2 potions of might
 l - 2 potions of heal wounds {unknown}
 m - 2 potions of resistance {unknown}
 p - 2 potions of lignification {unknown}
 r - a potion of invisibility {unknown}
Comestibles
 f - 3 bread rations
 g - 2 meat rations
 u - a chunk of flesh
 v - 2 royal jellies


   Skills:
 + Level 3.7 Fighting
 + Level 3.8 Maces & Flails
 + Level 3.7 Armour
 + Level 0.7 Dodging
 + Level 4.1 Shields


You had 4 spell levels left.
You didn't know any spells.

Dungeon Overview and Level Annotations

Branches:
Dungeon (3/15)

Altars:
Fedhas
The Shining One


Innate Abilities, Weirdness & Mutations

You are resistant to torment.
Your stone body is resilient. (AC +4)
You are immune to poison.
You resist negative energy. (rN+)
You are resistant to electric shocks. (rElec)
You can survive without breathing.
You are immune to petrification.
You are immune to rotting.


Message History

You closely miss the adder.
The adder is severely wounded.
The adder barely misses you.
You hit the adder but do no damage.
The adder is severely wounded.
The adder bites you but does no damage. You block the adder's attack.
You hit the adder.
The adder explodes!
The fiery explosion engulfs you!
* * * LOW HITPOINT WARNING * * *
The fiery explosion engulfs the adder.
The adder explodes!
The fiery explosion engulfs the frilled lizard.
The frilled lizard explodes!
The fiery explosion engulfs the hobgoblin.
The hobgoblin explodes!
The fiery explosion engulfs the leopard gecko skeleton.
The leopard gecko skeleton explodes!
You are engulfed in roaring flames.
You die...

######### ....<..#
###.....########
...............
#.########§§..........
#....@§§§§§§..........
##########§..%........
#............
#####........
#........ #..((....
###.[.... #......
#......


There were no monsters in sight!

Vanquished Creatures
  An orc priest (D:3)
  4 adders
  4 worms
  2 dart slugs (D:1)
  3 leopard geckos
  3 orcs (D:3)
  5 bats
  3 giant cockroaches
  7 goblins
  7 hobgoblins
  2 jackals (D:3)
  A quokka (D:2)
  4 frilled lizards
  3 kobolds
  A leopard gecko skeleton (D:3)
  6 rats
56 creatures vanquished.

Notes
Turn   | Place    | Note
-------+----------+-------------------------------------------
     0 | D:1      | polly the Gargoyle Fighter began the quest for the Orb.
     0 | D:1      | Reached XP level 1. HP: 14/14 MP: 1/1
   126 | D:1      | Found a glowing golden altar of the Shining One.
   165 | D:1      | Reached XP level 2. HP: 19/19 MP: 2/2
   454 | D:1      | Reached XP level 3. HP: 23/23 MP: 3/3
   615 | D:1      | Reached skill level 4 in Shields
   854 | D:2      | Found a blossoming altar of Fedhas.
  1180 | D:2      | Reached XP level 4. HP: 28/28 MP: 4/4
  1574 | D:3      | Reached XP level 5. HP: 32/32 MP: 5/5
  1637 | D:3      | Engulfed by a cloud of flame

Vault maps used:
D:1:      lemuel_arrival_behind_the_door_small, tso_metal_star
D:2:      fedhas_altar_1, item_on_display_a
D:3:      yredelemnul_forgotten_temple_becter

Skill      XL: |  1  2  3  4 |
---------------+-------------+-----
Shields        | 4 |  4.1
Maces & Flails | 3 |  3.8
Fighting       | |  3.7
Armour         | |  3.7
Dodging        | |  0.7

Action                   |  1- 3 |  4- 6 || total
-------------------------+-------+-------++-------
Melee: Flail             |   158 |    78 ||   236
  Use: Scroll            |       |     2 ||     2
  Eat: Chunk             |     1 |     2 ||     3
Armor: Scale mail        |    67 |    57 ||   124
Dodge: Dodged            |    59 |    31 ||    90
Block: Shield            |    77 |    40 ||   117
